 Dungeon Crawl Stone Soup version 0.23-a0-622-g59b4ea9 (webtiles) character file.

188 Matador8 the Poker (level 5, -3/38 HPs)
             Began as a Merfolk Skald on Dec 23, 2018.
             Killed by divine providence
             ... invoked by an orc priest
              (15 damage)
             ... on level 4 of the Dungeon.
             The game lasted 00:18:17 (3372 turns).

Matador8 the Poker (Merfolk Skald)                  Turns: 3372, Time: 00:18:18

Health: -3/38      AC:  4    Str: 12    XL:     5   Next: 67%
Magic:  4/9        EV: 12    Int: 12    God:
Gold:   121        SH:  0    Dex: 14    Spells: 7/10 levels left

rFire    . . .     SeeInvis .   a - +0 spear
rCold    . . .     Gourm    .   (no shield)
rNeg     . . .     Faith    .   b - +0 leather armour
rPois    .         Spirit   .   (no helmet)
rElec    .         Reflect  .   (no cloak)
rCorr    .         Harm     .   m - +0 pair of gloves
MR       .....                  (no boots)
Stlth    +.........             (no amulet)
HPRegen  0.12/turn              (no ring)
MPRegen  0.11/turn              (no ring)

@: shrouded (expiring), infused
A: change form in water, swift swim, stealthy swim
a: no special abilities


You were on level 4 of the Dungeon.
You were not hungry.

You visited 1 branch of the dungeon, and saw 4 of its levels.

You collected 121 gold pieces.

Inventory:

Hand Weapons
 a - a +0 spear (weapon)
Missiles
 k - 20 poisoned needles
Armour
 b - a +0 leather armour (worn)
 h - a +0 scale mail
 i - a cursed +0 leather armour
 m - a +0 pair of gloves (worn)
 s - a cursed +0 ring mail
 w - a +0 ring mail
Jewellery
 n - a +3 ring of evasion {unknown}
 u - a +6 ring of protection {unknown}
Scrolls
 c - a scroll of remove curse {unknown}
 e - 3 scrolls of blinking {unknown}
 f - a scroll of identify {unknown}
 g - a scroll of noise {unknown}
 j - a scroll of fear {unknown}
 p - a scroll of teleportation {unknown}
 q - a scroll of immolation {unknown}
 t - a scroll of enchant armour {unknown}
Potions
 l - a potion of might {unknown}
 o - a potion of agility {unknown}
 r - a potion of curing {unknown}
 v - a potion of haste {unknown}
Comestibles
 d - 9 rations


   Skills:
 - Level 2.1 Fighting
 * Level 6.2 Polearms
 - Level 0.6 Armour
 - Level 2.6 Dodging
 + Level 3.1 Spellcasting
 + Level 4.4 Charms


You had 7 spell levels left.
You knew the following spells:

 Your Spells              Type           Power        Failure   Level  Hunger
a - Infusion              Chrm           ##..         4%          1    #......
b - Shroud of Golubria    Chrm/Tloc      #.........   19%         2    ###....

Your spell library contained the following spells:

 Spells                   Type           Power        Failure   Level  Hunger
 Song of Slaying          Chrm           ##......     8%          2    ###....
 Regeneration             Chrm/Necr      #.........   36%         3    ###....
 Spectral Weapon          Hex/Chrm       #.......     36%         3    ###....


Dungeon Overview and Level Annotations

Branches:
Dungeon (3/15)

Altars:
Fedhas
Gozag
Uskayaw

Annotations:
D:2 Sigmund
D:3 Grinder


Message History

Your shroud bends the orc wizard's attack away.
You hit the orc wizard.
The orc wizard is moderately wounded.
The orc wizard gestures at you while chanting.
The puff of flame hits you!
You hit the orc wizard.
The orc wizard is severely wounded.
The orc wizard casts a spell at you. The puff of frost misses you.
You closely miss the orc wizard.
The orc wizard is severely wounded.
Your shroud begins to fray at the edges.
The orc wizard gestures at you while chanting.
The puff of flame hits you! The orc wizard barely misses you.
You hit the orc wizard.
You kill the orc wizard!
An ogre comes into view. It is wielding a +0 giant spiked club.
The orc priest calls down the wrath of Beogh upon you.
Beogh smites you!
You die...

.h. ..... ... .##o...
..# ..###o..# ..###
......o..
...##.O......o##
..............#
##..........o..#
#.####.o.# ........o
#...@o.#.## .......##
#....######..##.......
# ..# ##..####..o# #
##o######.### #...#
#.... ###o#####o##
#...###.## ###o.##..#
##..o..#


You could see an ogre (wandering), an orc priest and an orc.

Vanquished Creatures
  2 orc wizards
  An iguana (D:4)
  A gnoll (D:1)
  3 adders
  A worm (D:2)
  3 dart slugs
  4 leopard geckos
  An orc (D:2)
  A ball python (D:2)
  3 giant cockroaches
  6 goblins
  4 hobgoblins
  5 jackals (D:2)
  12 kobolds
  2 bats (D:1)
  3 frilled lizards
  7 rats
59 creatures vanquished.

Notes
Turn   | Place    | Note
-------+----------+-------------------------------------------
     0 | D:1      | Matador8 the Merfolk Skald began the quest for the Orb.
     0 | D:1      | Reached XP level 1. HP: 16/16 MP: 3/3
   248 | D:1      | Reached XP level 2. HP: 21/22 MP: 1/5
   252 | D:1      | Learned a level 2 spell: Shroud of Golubria
   376 | D:1      | Reached skill level 4 in Polearms
   376 | D:1      | Reached XP level 3. HP: 18/27 MP: 2/6
  1188 | D:2      | Noticed Sigmund
  1350 | D:2      | Reached XP level 4. HP: 25/33 MP: 7/7
  1749 | D:2      | Reached skill level 5 in Polearms
  1792 | D:2      | Found a blossoming altar of Fedhas.
  2305 | D:3      | Found a blossoming altar of Fedhas.
  2392 | D:3      | Found an opulent altar of Gozag.
  2816 | D:3      | Reached XP level 5. HP: 24/38 MP: 2/9
  2877 | D:3      | Noticed Grinder
  2881 | D:3      | Paralysed by Grinder for 4 turns
  3086 | D:3      | Found a hide-covered altar of Uskayaw.
  3086 | D:3      | Noticed a +0 dagger
  3086 | D:3      | Noticed a +0 hand axe
  3128 | D:3      | You fall through a shaft!
  3145 | D:4      | Reached skill level 6 in Polearms
  3372 | D:4      | Noticed an ogre
  3372 | D:4      | Killed from afar by an orc priest

Vault maps used:
D:1:      mushboom_english_gardens
D:2:      lemuel_coloured_pillars_altar, first_ration, serial_bayou_crossing,
          uniq_sigmund
D:3:      dancing_weapons_uskayaw, grunt_gozag_statues, zin_angel,
          corner_web_ring, fedhas_altar_3, uniq_ijyb, uniq_grinder
D:4:      serial_shops, nicolae_shop_overgrown_old_shop, uniq_natasha

Skill      XL: |  1  2  3  4  5 |
---------------+----------------+-----
Polearms       | 4 5 6 |  6.2
Charms         | 4 |  4.4
Spellcasting   | 3 |  3.1
Fighting       | |  2.1
Armour         | |  0.6
Dodging        | |  2.6

Action                   |  1- 3 |  4- 6 || total
-------------------------+-------+-------++-------
Melee: Spear             |   118 |   161 ||   279
       Tailslap          |       |     1 ||     1
       Unarmed           |       |     1 ||     1
 Cast: Infusion          |     8 |     4 ||    12
       Shroud of Golubri |     8 |     9 ||    17
 Stab: Sleeping          |     2 |       ||     2
  Eat: Chunk             |     2 |     8 ||    10
Armor: Leather armour    |    17 |    14 ||    31
Dodge: Dodged            |    57 |    74 ||   131

Table legend:
 A = Non-vault XP
 B = Vault XP
 C = Vault XP percentage of total XP
 D = Non-vault monster count
 E = Vault monster count
 F = Vault count percentage of total count
                 A         B        C        D         E       F
            +---------+---------+-------+---------+---------+-------
      Total |     269 |       0 |   0.0 |      59 |       0 |   0.0
            +---------+---------+-------+---------+---------+-------
        D:1 |      59 |       0 |   0.0 |      25 |       0 |   0.0
        D:2 |      54 |       0 |   0.0 |      21 |       0 |   0.0
        D:3 |      81 |       0 |   0.0 |      11 |       0 |   0.0
        D:4 |      75 |       0 |   0.0 |       2 |       0 |   0.0
            +---------+---------+-------+---------+---------+-------
